cohdb
Replays
Latest Replays
All Replays
Popular Replays
Top Player Replays
Match Explorer
How It Works
Community
CoH3 Stats
Reddit
Sign in to upload your games and track your stats! →
Sign in with Steam
Match 45870431
Unlisted
Match 45870431
Overview
Messages
Build Orders
End
Construct Infanterie Kompanie
Kettenkrad Recon Vehicle
MG 42 Machine Gun Team
Selects Terror Battlegroup
Selects Machine Gun Camouflage
MG 42 Machine Gun Team
Construct Luftwaffe Kompanie
221 Scout Car
Flak 30 Anti-aircraft Gun Team
Medical Bunker
Flak 30 Anti-aircraft Gun Team
Selects Defend the Fatherland
Jäger Squad
Daeakdang
muta999888
VERIVERYSTR
kzvs1nyx
Oncle-Hô
Anchored
rudgus2564
妇女之友
0
0
Comments
sign in to comment!
No comments posted yet!